 Dungeon Crawl Stone Soup version 0.25.0-9-g26727b657a (webtiles) character file.

Game seed: 2638946281896624386

24861 nikku the Eclecticist (level 12, -2/76 HPs)
             Began as a Deep Elf Conjurer on June 17, 2020.
             Was a High Priest of Dithmenos.
             Slain by an eight-headed hydra (9 damage)
             ... on level 4 of the Lair of Beasts.
             The game lasted 01:16:54 (20093 turns).

nikku the Eclecticist (Deep Elf Conjurer)          Turns: 20093, Time: 01:16:54

Health: -2/76      AC:  7    Str:  5    XL:     12   Next: 84%
Magic:  35/35      EV: 11    Int: 26    God:    Dithmenos [*****.]
Gold:   1102       SH:  8    Dex: 15    Spells: 29/45 levels left

rFire    . . .     SeeInvis .   j - +3 short sword (drain)
rCold    . . .     Gourm    .   N - +0 kite shield
rNeg     + . .     Faith    .   a - +1 robe of Dust Devil {+Fly rN+ Stlth+}
rPois    .         Spirit   .   m - +1 helmet
rElec    .         Reflect  .   (no cloak)
rCorr    .         Harm     .   e - +1 pair of gloves
MR       ++...                  (no boots)
Stlth    +++++.....             l - amulet of regeneration
HPRegen  0.62/turn              B - ring of wizardry
MPRegen  0.24/turn              G - ring of protection from magic

@: wreathed by umbra
A: no striking features
a: Shadow Step, Shadow Form, Renounce Religion, Evoke Flight


You were on level 4 of the Lair of Beasts.
You worshipped Dithmenos.
Dithmenos was extremely pleased with you.
You were hungry.

You visited 3 branches of the dungeon, and saw 17 of its levels.

You collected 1255 gold pieces.
You spent 153 gold pieces at shops.

Inventory:

Hand Weapons
 j - a +3 short sword of draining (weapon)
Missiles
 s - 48 poisoned darts (quivered)
 x - 10 curare-tipped darts
 L - 4 javelins
Armour
 a - the +1 robe of Dust Devil (worn) {+Fly rN+ Stlth+}
   (You found it on level 12 of the Dungeon)

   It protects you from negative energy.
   It lets you fly.
   It makes you more stealthy.
 e - a +1 pair of gloves (worn)
 m - a +1 helmet (worn)
 r - a +2 robe of cold resistance
 N - a +0 kite shield (worn)
Jewellery
 b - an uncursed ring of poison resistance
 h - a +4 ring of evasion
 k - an uncursed ring of resist corrosion
 l - an amulet of regeneration (around neck)
 z - an uncursed ring of protection from fire
 B - a ring of wizardry (left hand)
 G - a ring of protection from magic (right hand)
Wands
 f - a wand of iceblast (10)
 i - a wand of enslavement (9)
 t - a wand of random effects (41)
 v - a wand of flame (21)
 y - a wand of disintegration (51)
 K - a wand of paralysis (10)
Scrolls
 d - 7 scrolls of remove curse
 n - 5 scrolls of enchant armour
 p - 6 scrolls of teleportation
 C - 2 scrolls of amnesia
 D - 3 scrolls of fear
 E - 2 scrolls of fog
 F - a scroll of enchant weapon
 H - 3 scrolls of identify
Potions
 g - 3 potions of curing
 o - 3 potions of ambrosia
 q - a potion of resistance
 u - 3 potions of might
 w - 2 potions of haste
 A - 3 potions of lignification
 I - 2 potions of heal wounds
 J - 2 potions of brilliance
Comestibles
 c - 25 rations


   Skills:
 - Level 9.3 Fighting
 - Level 2.4 Dodging
 - Level 2.4 Stealth
 * Level 3.9 Shields
 + Level 17.3 Spellcasting
 - Level 10.0 Conjurations
 - Level 7.0 Hexes
 - Level 7.0 Translocations


You had 29 spell levels left.
You knew the following spells:

 Your Spells              Type           Power        Failure   Level  Hunger
a - Magic Dart            Conj           ####         1%          1    None
b - Searing Ray           Conj           ######       1%          2    None
c - Fulminant Prism       Conj/Hex       ######....   1%          4    None
d - Iskenderun's Mystic   Conj/Tloc      ######..     1%          4    None
e - Blink                 Tloc           N/A          1%          2    None
f - Conjure Flame         Conj/Fire      #####...     1%          3    None

Your spell library contained the following spells:

 Spells                   Type           Power        Failure   Level  Hunger
 Slow                     Hex            ######..     1%          2    None
 Dazzling Flash           Conj/Hex       ######       1%          3    None
 Mephitic Cloud           Conj/Pois/Air  #####...     2%          3    None
 Call Imp                 Summ           ###.....     6%          2    None


Dungeon Overview and Level Annotations

Branches:
Dungeon (12/15)            Temple (1/1) D:5            Lair (4/6) D:9
 Spider (0/4) Lair:3          Orc (0/2) D:10
  Swamp: Lair:2-4    Shoals: Lair:2-4

Altars:
Ashenzari
Cheibriados
Dithmenos
Elyvilon
Fedhas
Gozag
Hepliaklqana
Kikubaaqudgha
Makhleb
Nemelex Xobeh
Okawaru
Qazlal
Ru
Sif Muna
Trog
Uskayaw
Vehumet
Wu Jian
Xom
Yredelemnul
Zin
The Shining One
Beogh

Shops:
D:10 ?   D:11 (   D:12 (

Annotations:
Lair:2 exclusion: oklob plant


Message History

You hit the blink frog. You drain the blink frog.
You kill the blink frog!
Dithmenos accepts your kill.
No target in view!
There is a stone staircase leading down here.
You are feeling hungry.
Magic restored.
Done exploring.
You climb downwards.
A komodo dragon comes into view.
The yak barely misses you. The elephant tramples you!
You hold your ground!
The elephant trunk-slaps you but does no damage.
You block the water moccasin's attack. The eight-headed hydra bites you!
The eight-headed hydra bites you but does no damage.
The eight-headed hydra bites you! x4
* * * LOW HITPOINT WARNING * * *
The eight-headed hydra bites you!
* * * LOW HITPOINT WARNING * * *
The eight-headed hydra bites you!
You die...

#≈≈P≈P♣≈≈# ♣≈≈≈≈≈P≈♣ #♣.≈.P≈♣#
### ##.......######
####.###.#......#P.#.###
........................ ...
###P#................## #..
####....####.##YS....###..##
##P###...##.#.##@....#......##...
#..##....#.....YDF..........##...
.........++.....l.....#..........
...#.#....#...........#..........
P####.....###..#.....#.......#...
## ##...P#.####.........#..#....
######...............#P..#+##....
.#.##............................
.............................!...


You could see an eight-headed hydra, an elephant, a komodo dragon, a yak, a
blink frog and a water moccasin.

Vanquished Creatures
  Erica (D:10)
  3 hydras
  A two-headed ogre (D:11)
  A catoblepas (Lair:2)
  A death yak (Lair:2)
  Pikel (D:9)
  2 cyclopes
  A manticore (D:12)
  Joseph (D:8)
  An elephant (Lair:4)
  A guardian serpent (D:11)
  A gargoyle (D:12)
  2 spiny frogs (Lair:3)
  3 komodo dragons
  An efreet (D:10)
  A jumping spider (Lair:3)
  Grinder (D:5)
  2 blink frogs
  A bog body (Lair:4)
  6 slime creatures (D:12)
  4 hippogriffs
  Sigmund (D:5)
  2 redbacks (Lair:3)
  A spriggan (D:7)
  A wraith (D:10)
  16 yaks
  A vampire (D:10)
  3 wyverns
  A soldier ant (D:10)
  14 porcupines
  2 water moccasins
  Duvessa (D:6)
  4 sky beasts
  3 ice beasts
  4 slaves (D:9)
  4 black bears
  12 orc warriors
  2 phantoms
  7 centaurs
  2 ogres (D:9)
  5 crocodiles
  10 wolves
  3 big kobolds
  12 bullfrogs
  A wyvern zombie (D:12)
  Dowan (D:6)
  A water moccasin zombie (D:10)
  A wyvern skeleton (D:12)
  2 scorpions
  6 killer bees
  5 wights (D:12)
  6 crimson imps
  2 bullfrog zombies
  5 quasits
  3 bullfrog skeletons
  6 hounds
  A gnoll shaman (D:6)
  8 orc priests
  2 jellies
  Ijyb (D:5)
  4 iguanas
  21 orc wizards
  8 worker ants
  5 hound skeletons
  A howler monkey zombie (D:6)
  17 adders
  5 gnolls
  A hound simulacrum (D:10)
  2 shadow imps (D:10)
  An adder skeleton (D:7)
  A worm (D:4)
  4 dart slugs
  8 leopard geckos
  77 orcs
  5 ball pythons
  5 giant cockroaches
  4 goblins
  6 hobgoblins
  7 jackals
  3 quokkas
  9 bats
  4 frilled lizards
  A goblin skeleton (D:9)
  2 goblin zombies (D:9)
  18 kobolds
  2 kobold skeletons (D:9)
  An orc skeleton (D:9)
  8 rats
  A fungus (Lair:1)
  2 plants
431 creatures vanquished.

Vanquished Creatures (others)
  94 fulminant prisms
  15 fungi
  12 plants
121 creatures vanquished.

Grand Total: 552 creatures vanquished

Notes
Turn   | Place    | Note
-------+----------+-------------------------------------------
     0 | D:1      | nikku the Deep Elf Conjurer began the quest for the Orb.
     0 | D:1      | Reached XP level 1. HP: 10/10 MP: 6/6
   228 | D:1      | Reached XP level 2. HP: 15/15 MP: 4/8
   753 | D:1      | Reached skill level 4 in Spellcasting
   795 | D:1      | Reached skill level 5 in Conjurations
   819 | D:1      | Reached XP level 3. HP: 19/19 MP: 7/10
  1105 | D:2      | You fall into a shaft and drop 2 floors!
  1484 | D:3      | Reached XP level 4. HP: 24/24 MP: 9/12
  1871 | D:2      | Found an opulent altar of Gozag.
  1985 | D:2      | Reached skill level 5 in Spellcasting
  2013 | D:2      | Learned a level 2 spell: Searing Ray
  2018 | D:2      | Learned a level 4 spell: Iskenderun's Mystic Blast
  2023 | D:2      | Learned a level 4 spell: Fulminant Prism
  2384 | D:2      | Reached XP level 5. HP: 28/28 MP: 11/14
  2404 | D:2      | Found a hazy altar of Hepliaklqana.
  2585 | D:2      | Learned a level 4 spell: Fulminant Prism
  2941 | D:4      | Reached skill level 1 in Hexes
  2992 | D:4      | Reached skill level 1 in Translocations
  3159 | D:4      | Reached XP level 6. HP: 32/32 MP: 5/16
  3531 | D:4      | Reached skill level 6 in Spellcasting
  4015 | D:5      | Entered Level 5 of the Dungeon
  4146 | D:5      | Found a staircase to the Ecumenical Temple.
  4152 | Temple   | Entered the Ecumenical Temple
  4298 | Temple   | Became a worshipper of Dithmenos the Shadowed
  4637 | D:5      | Noticed Ijyb
  4638 | D:5      | Noticed Grinder
  4640 | D:5      | Killed Ijyb
  4663 | D:5      | Killed Grinder
  4663 | D:5      | Reached XP level 7. HP: 36/36 MP: 4/19
  4875 | D:5      | Reached skill level 7 in Spellcasting
  4945 | D:5      | Noticed Sigmund
  4950 | D:5      | Killed Sigmund
  5423 | D:6      | Reached XP level 8. HP: 41/41 MP: 12/21
  5430 | D:6      | Reached skill level 5 in Hexes
  5634 | D:6      | Reached skill level 8 in Spellcasting
  5803 | D:6      | Reached * piety under Dithmenos
  6050 | D:6      | Noticed Dowan
  6060 | D:6      | Reached skill level 5 in Translocations
  6061 | D:6      | Noticed Duvessa
  6071 | D:6      | Killed Duvessa
  6075 | D:6      | Killed Dowan
  6579 | D:6      | Reached XP level 9. HP: 45/45 MP: 14/23
  6747 | D:6      | Found a burning altar of Makhleb.
  6749 | D:6      | Reached skill level 9 in Spellcasting
  6997 | D:6      | Reached ** piety under Dithmenos
  7609 | D:7      | Found a blossoming altar of Fedhas.
  7667 | D:7      | Reached skill level 10 in Spellcasting
  8597 | D:8      | Found a shimmering blue altar of Sif Muna.
  8610 | D:8      | Reached *** piety under Dithmenos
  8661 | D:8      | Reached skill level 11 in Spellcasting
  8669 | D:8      | Reached skill level 10 in Conjurations
  8669 | D:8      | Reached XP level 10. HP: 50/50 MP: 14/27
  8794 | D:8      | Reached skill level 1 in Fighting
  8975 | D:8      | Noticed Joseph
  8984 | D:8      | Killed Joseph
  9436 | D:9      | Noticed Pikel
  9453 | D:9      | Killed Pikel
  9453 | D:9      | Reached skill level 12 in Spellcasting
  9785 | D:9      | Found a staircase to the Lair.
 10092 | D:9      | Found a glowing golden altar of the Shining One.
 10661 | D:10     | Entered Level 10 of the Dungeon
 10795 | D:10     | Reached **** piety under Dithmenos
 10968 | D:10     | Noticed Erica
 10976 | D:10     | Killed Erica
 10976 | D:10     | Reached skill level 13 in Spellcasting
 11139 | D:10     | Found a staircase to the Orcish Mines.
 11308 | D:10     | Reached skill level 5 in Fighting
 11442 | D:10     | Reached XP level 11. HP: 41/64 MP: 20/30
 11827 | D:10     | Found Huts's Magic Scroll Boutique.
 11837 | D:10     | Bought a scroll of teleportation for 51 gold pieces
 11837 | D:10     | Bought a scroll of teleportation for 51 gold pieces
 11837 | D:10     | Bought a scroll of teleportation for 51 gold pieces
 12364 | D:10     | Found a roughly hewn altar of Beogh.
 12789 | D:11     | Reached ***** piety under Dithmenos
 13070 | D:11     | Reached skill level 14 in Spellcasting
 13110 | D:11     | Noticed a two-headed ogre
 13116 | D:11     | Killed a two-headed ogre
 13730 | D:11     | Found Xunyt's Weapon Shop.
 13905 | D:12     | Got an ominously black robe
 13916 | D:12     | Identified the +1 robe of Dust Devil {+Fly rN+ Stlth+} (You
                  | found it on level 12 of the Dungeon)
 14028 | D:12     | Noticed an eight-headed hydra
 14671 | D:12     | Killed an eight-headed hydra
 14671 | D:12     | Reached skill level 15 in Spellcasting
 15207 | D:12     | Found Kedghucirr's Antique Weapon Boutique.
 15211 | D:12     | Learned a level 2 spell: Blink
 15215 | D:12     | Learned a level 3 spell: Conjure Flame
 15897 | Lair:1   | Entered Level 1 of the Lair of Beasts
 16278 | Lair:1   | Reached XP level 12. HP: 73/73 MP: 12/33
 16825 | Lair:2   | Noticed an eight-headed hydra
 16831 | Lair:2   | Killed an eight-headed hydra
 17049 | Lair:2   | Reached skill level 16 in Spellcasting
 17243 | Lair:2   | Noticed a catoblepas
 17257 | Lair:2   | Killed a catoblepas
 17532 | Lair:2   | Noticed an eight-headed hydra
 17549 | Lair:2   | Killed an eight-headed hydra
 17984 | Lair:2   | Noticed a death yak
 17992 | Lair:2   | Killed a death yak
 18806 | Lair:3   | Reached skill level 1 in Shields
 18950 | Lair:3   | Reached skill level 17 in Spellcasting
 19359 | Lair:3   | Found a hole to the Spider Nest.
 19925 | Lair:4   | Noticed an eight-headed hydra
 20093 | Lair:4   | Slain by an eight-headed hydra

Illustrated notes

Levels and vault maps discovered:
D:1:      lightli_arrival_statue_moat, layout_basic, minmay_close_crescents
D:2:      layout_loops_ring, lemuel_coloured_pillars_altar, grunt_gozag_statues,
          first_ration
D:3:      layout_basic
D:4:      layout_basic
D:5:      layout_basic, temple_fountains, uniq_grinder, uniq_ijyb, uniq_sigmund
D:6:      layout_layer_cave, makhleb_heckhound_becter, uniq_duvessa
D:7:      layout_basic, kennysheep_mini, the_bakery
D:8:      layout_loops_ring, led_sif_book, uniq_joseph
D:9:      layout_cave_pods, nicolae_tso_besieged_by_evil,
          due_lair_maze_entry_diamond, uniq_pikel
D:10:     layout_basic, orc_0_dummy, serial_shops, shop, special_room
          [special_room_orc], minmay_shattered_shrine, uniq_erica
D:11:     layout_cave_pods, serial_shops,
          nicolae_shop_competitors_out_of_business,
          nrook_guardian_serpent_ordinary
D:12:     layout_basic, serial_shops, nicolae_shop_overgrown_old_shop,
          minmay_quadrilaterals
Temple:   nicolae_temple_elliptical
Lair:1:   layout_loops_ring
Lair:2:   layout_long_grid, grunt_forest_large_clearing_hut,
          minmay_lair_oklob_chamber, lemuel_fruit_fields
Lair:3:   layout_concentric_octagons, spider_nest_entry_funnel_web,
          beast_lair_carwin_7
Lair:4:   layout_regular_city, nicolae_swamp_entry_splash_gauntlet, basic_altar,
          beast_lair_carwin_5, serial_bayou_shore_b, serial_bayou_shore_b,
          lemuel_fruit_tree

Skill      XL: |  1  2  3  4  5  6  7  8  9 10 11 12 |
---------------+-------------------------------------+-----
Spellcasting   | 4 5 6 7 8 11 13 15 17 | 17.3
Conjurations   | 5 6 7 8 10 | 10.0
Hexes          | 2 3 4 6 7 |  7.0
Translocations | 1 3 4 5 7 |  7.0
Fighting       | 5 7 9 |  9.3
Shields        | 3 |  3.9
Dodging        | |  2.4
Stealth        | |  2.4

Action                   |  1- 3 |  4- 6 |  7- 9 | 10-12 || total
-------------------------+-------+-------+-------+-------++-------
Melee: Short sword       |       |       |       |     9 ||     9
 Cast: Magic Dart        |    73 |   100 |   145 |   331 ||   649
       Searing Ray       |       |    14 |    38 |    97 ||   149
       Fulminant Prism   |       |     1 |    17 |    76 ||    94
       Iskenderun's Myst |       |       |       |    76 ||    76
 Abil: Evoke Flight      |       |       |       |     1 ||     1
  Use: Scroll            |     5 |     6 |     5 |    13 ||    29
       Potion            |     1 |       |       |     1 ||     2
  Eat: Chunk             |     2 |     9 |    13 |    30 ||    54
       Ration            |       |       |       |     1 ||     1
Armor: Robe              |     3 |     2 |     5 |    17 ||    27
Dodge: Dodged            |    21 |     7 |    34 |    97 ||   159
Block: Kite shield       |       |       |       |    13 ||    13
